 Dungeon Crawl Stone Soup version 0.29.0-11-gd7f09526c8 (webtiles) character file.

Game seed: 6328180475647389377

15 tilp the Cudgeller (level 2, 0/23 HPs)
             Began as a Demonspawn Gladiator on Sept 4, 2022.
             Slain by Natasha (6 damage)
             ... on level 1 of the Dungeon.
             The game lasted 00:01:32 (1455 turns).

tilp the Cudgeller (Demonspawn Gladiator)           Turns: 1455, Time: 00:01:32

Health: 0/23       AC:  5    Str: 14    XL:     2   Next: 34%
Magic:  2/2        EV: 12    Int:  9    God:
Gold:   103        SH:  0    Dex: 14    Spells: 1/1 levels left

rFire   . . .      SeeInvis .   a - +1 flail
rCold   . . .      Faith    .   (no shield)
rNeg    . . .      Spirit   .   b - +0 leather armour
rPois   .          Reflect  .   c - +0 helmet
rElec   .          Harm     .   (no cloak)
rCorr   .          Rampage  .   (no gloves)
Will    .....                   p - +0 pair of boots
Stlth   +.........              (no amulet)
HPRegen 0.07/turn               (no ring)
MPRegen 0.08/turn               (no ring)

@: slowed, very slow
A: spiny 1
a: no special abilities


You were on level 1 of the Dungeon.
You visited 1 branch of the dungeon, and saw 2 of its levels.

You collected 103 gold pieces.

Inventory:

Hand Weapons
 a - a +1 flail (weapon)
Missiles
 d - 3 throwing nets
 e - a javelin (quivered)
Armour
 b - a +0 leather armour (worn)
 c - a +0 helmet (worn)
 p - a +0 pair of boots (worn)
Scrolls
 i - a scroll of enchant weapon
 j - 2 scrolls of vulnerability
Potions
 g - a potion of curing {unknown}
 k - 2 potions of might
 l - 2 potions of brilliance {unknown}
 o - a potion of berserk rage {unknown}


   Skills:
 + Level 2.3 Fighting
 * Level 3.2 Maces & Flails
 - Level 1.7 Throwing
 - Level 2.6 Dodging


You had one spell level left.
You didn't know any spells.
Your spell library contained the following spells:

 Spells                   Type           Power      Damage    Failure   Level
 Call Canine Familiar     Summ           0%         N/A       83%         3
 Portal Projectile        Hex/Tloc       0%         N/A       83%         3
 Leda's Liquefaction      Hex/Erth       0%         N/A       99%         4


Dungeon Overview and Level Annotations

Branches:
Dungeon (2/15)

Altars:

Annotations:
D:1 Natasha


Innate Abilities, Weirdness & Mutations

You are partially covered in sharp spines.


Message History

Found a gluggy blue potion, 10 gold pieces and a scroll labelled XAOLEAKHLICS.
There is a stone staircase leading up here.
Unknown command.
Natasha hisses.
Natasha barely misses you.
You closely miss Natasha.
The gnoll shouts!
Natasha casts a spell at you. The magic dart hits you.
Natasha casts a spell at you. The magic dart hits you!
The ball python closely misses you.
Unknown command.
The ball python is struck by your spines.
The ball python barely misses you. Natasha is struck by your spines.
Natasha claws you but does no damage. The goblin is struck by your spines.
You kill the goblin!
The ball python is struck by your spines.
You kill the ball python!
Natasha barely misses you.
You climb upwards.
There is a stone staircase leading down here.
Unknown command.
You hit Natasha.
Natasha is moderately wounded.
Natasha completely misses you. Natasha closely misses you.
You hit Natasha but do no damage. Your punch misses Natasha.
Natasha is moderately wounded.
Natasha claws you.
You hit Natasha.
Natasha is moderately wounded.
Natasha casts a spell at you. You resist with significant effort.
Natasha misses you.
You barely miss Natasha.
Natasha is moderately wounded.
Natasha barely misses you. Natasha claws you.
* * * LOW HITPOINT WARNING * * *
You thump Natasha!
Natasha is almost dead.
Natasha barely misses you. Natasha is struck by your spines. Natasha claws you.
You die...

....#)#...#[#....#
....####.####..#.#
...............#.#
..##..#)##.###.#.#
#.###.#.##.# #.#.# #.#
#.#.##.###.#.######### #.#
#...>................#### #.#
#............####.......# ..#
#...##.###.#@# #.).....# ..#
#...##.# #.#h# #.......# ..#
#...##.###.#.# #.......# ..#
#..........#.# #.......#
..####..##.#...#.## #.......#
..................###.......#
.#####....................###
.#####..###.......######..#
.....##.####...#..........#


You could see Natasha.

Vanquished Creatures
  3 ball pythons
  An endoplasm (D:1)
  A goblin (D:2)
  A hobgoblin (D:1)
  4 kobolds (D:1)
  A frilled lizard (D:1)
  6 rats (D:1)
17 creatures vanquished.

Vanquished Creatures (others)
  A plant (D:2)
1 creature vanquished.

Grand Total: 18 creatures vanquished

Notes
Turn   | Place    | Note
-------+----------+-------------------------------------------
     0 | D:1      | tilp the Demonspawn Gladiator began the quest for the Orb.
     0 | D:1      | Reached XP level 1. HP: 16/16 MP: 1/1
   316 | D:1      | Found Uffaume's Armour Boutique.
   357 | D:1      | Found a faded altar of an unknown god.
   409 | D:1      | Reached skill level 3 in Maces & Flails
   418 | D:1      | Gained mutation: You are partially covered in sharp spines.
                  | [demonic ancestry]
   418 | D:1      | Reached XP level 2. HP: 1/22 MP: 2/2
  1405 | D:2      | Noticed Natasha
  1455 | D:1      | Slain by Natasha

Illustrated notes

Levels and vault maps discovered:
D:1:      spicycebolla_arrival_clurvy, layout_loops_ring,
          dreamdust_ecumenical_altar_angels_and_demons, serial_shops,
          shop_coins, kennysheep_minor_cross, minmay_nonomino_d4
D:2:      layout_rooms, minmay_lizard_king, uniq_natasha, uniq_jessica

Skill      XL: |  1 |
---------------+----+-----
Maces & Flails | 3 |  3.2
Fighting       | |  2.3
Throwing       | |  1.7
Dodging        | |  2.6

Action                   || total
-------------------------++-------
Melee: Flail             ||    50
  Use: Scroll            ||     6
Armor: Leather armour    ||     7
Dodge: Dodged            ||    39
